 Dungeon Crawl Stone Soup version 0.31-a0-277-g31ea1f65cc (webtiles) character file.

Game seed: 414886076953593524

1576 Flugkiller the Insei (level 8, -19/57 HPs)
             Began as an Octopode Shapeshifter on July 15, 2023.
             Was an Initiate of Wu Jian.
             Demolished by a two-headed ogre
             ... wielding a +0 giant club
              (33 damage)
             ... on level 6 of the Dungeon.
             The game lasted 00:04:50 (4943 turns).

Flugkiller the Insei (Octopode Shapeshifter)        Turns: 4943, Time: 00:04:51

Health: -19/57     AC:  1    Str: 14    XL:     8   Next: 91%
Magic:  8/8        EV: 16    Int: 10    God:    Wu Jian [......]
Gold:   289        SH:  6    Dex: 21    Spells: 7/7 levels left

rFire   . .          .
                       - Unarmed
rCold   . . .        c - +0 buckler
rNeg    . . .        (helmet currently unavailable)
rPois   .            (no amulet)
rElec   .            h - +6 ring of dexterity
rCorr   .            (no ring)
SInv    .            (no ring)
Will    .....        (no ring)
Stlth   +++          (no ring)
HPRegen 0.29/turn    (no ring)
MPRegen 0.11/turn    (no ring)
                     (no ring)

%: no passive effects
@: beast-form
A: beast (slay +3), almost no armour, amphibious, 8 rings, camouflage 1,
gelatinous body 1, (nimble swimmer 1), tentacles
a: Begin Untransformation, Renounce Religion


You were on level 6 of the Dungeon.
You worshipped Wu Jian.
Wu Jian was noncommittal.
You were a hulking beast.
You visited 1 branch of the dungeon, and saw 6 of its levels.

You collected 289 gold pieces.

Inventory:

Missiles
 o - 2 throwing nets
Armour
 c - a +0 buckler (worn)
   (You found it on level 1 of the Dungeon)
Jewellery
 h - a +6 ring of dexterity (left tentacle)
   (You found it on level 1 of the Dungeon)
Talismans
 b - a beast talisman
Wands
 m - a wand of digging (7)
   (You found it on level 2 of the Dungeon)
Scrolls
 i - 2 scrolls of revelation
 j - a scroll of fear
 k - a scroll of fog {unknown}
 n - a scroll of enchant weapon
 t - 2 scrolls of teleportation
Potions
 a - a potion of lignification
 d - a potion of resistance {unknown}
 e - 2 potions of berserk rage
 f - a potion of cancellation {unknown}
 g - 2 potions of haste {unknown}
 l - 2 potions of heal wounds {unknown}
 p - a potion of attraction {unknown}
 q - a potion of curing
 r - a potion of degeneration {unknown}


   Skills:
 * Level 5.7 Fighting
 * Level 5.7 Dodging
 + Level 3.4 Shields
 * Level 5.8 Unarmed Combat
 + Level 4.3 Shapeshifting


You had 7 spell levels left.
You didn't know any spells.
Your spell library contained the following spells:

 Spells                   Type           Power      Damage    Failure   Level
 Magic Dart               Conj           0%         1d3       45%         1
 Sandblast                Erth           0%         2d4       45%         1
 Call Imp                 Summ           0%         N/A       58%         2
 Ensorcelled Hibernation  Hex/Ice        0%         N/A       58%         2
 Passwall                 Tmut/Erth      0%         N/A       58%         2
 Mephitic Cloud           Conj/Pois/Air  0%         N/A       83%         3
 Stone Arrow              Conj/Erth      0%         3d7       83%         3
 Swiftness                Air            0%         N/A       83%         3


Dungeon Overview and Level Annotations

Branches:
Dungeon (6/15) Zot: 26693
 Temple: D:4-7

Altars:
Cheibriados
Nemelex Xobeh
Okawaru
Qazlal
Sif Muna
Wu Jian
Xom

Shops:
D:6 :(

Annotations:
D:3 2 transporters


Innate Abilities, Weirdness & Mutations

You are a hulking beast.
Your limbs bulge with bestial killing power. (Slay +3)
You cannot wear most types of armour.
You are amphibious.
You can wear up to eight rings at the same time.
Your skin changes colour to match your surroundings (Stealth+).
Your rubbery body absorbs attacks. (AC +1, EV +1)
((You are camouflaged when in or above water. (Stealth+)))
You have tentacles for arms and can constrict up to eight enemies at once.


Message History

You block the phantom's attack.
You tentacle-slap the phantom.
The phantom is almost destroyed.
The phantom hits you.
A kobold brigand comes into view.
It is wielding a +0 short sword and quivering poisoned darts.
You miss the phantom.
The phantom is almost destroyed.
The phantom hits you but does no damage.
You closely miss the phantom.
The phantom is almost destroyed.
The phantom closely misses you. The kobold hits you with a +0 dagger.
The kobold brigand shouts!
You tentacle-slap the phantom. x2
You destroy the phantom!
The Council accepts your kill.
You hear a shout!
A kobold comes into view. It is wielding a +0 club.
The kobold misses you.
The kobold brigand throws a poisoned dart.
The poisoned dart closely misses you.
You closely miss the kobold.
The kobold shouts!
You grab the kobold. You constrict the kobold. You block the kobold's attack.
The kobold hits you with a +0 dagger.
The kobold brigand throws a poisoned dart.
The poisoned dart barely misses you.
You tentacle-slap the kobold. You squeeze the kobold.
You kill the kobold!
The Council accepts your kill. The kobold completely misses you.
A kobold comes into view.
It is wielding a +0 club and quivering poisoned darts.
The kobold brigand throws a poisoned dart.
You block the poisoned dart.
You bludgeon the kobold!
You kill the kobold!
The Council accepts your kill.
The kobold brigand throws a poisoned dart.
The poisoned dart misses you.
A black bear comes into view.
The kobold throws a poisoned dart.
The poisoned dart closely misses you.
You miss the kobold brigand. You grab the kobold brigand.
You squeeze the kobold brigand!
The kobold brigand is moderately wounded.
You constrict the kobold brigand. The kobold brigand misses you.
You tentacle-slap the kobold brigand.
You squeeze the kobold brigand, but do no damage.
The kobold brigand is moderately wounded.
You constrict the kobold brigand. You block the kobold's attack.
The kobold throws a poisoned dart.
The poisoned dart barely misses you.
The poisoned dart hits the kobold brigand!
The kobold brigand is poisoned.
You block the kobold brigand's attack.
You tentacle-slap the kobold brigand.
The kobold brigand is heavily wounded.
You constrict the kobold brigand. The kobold closely misses you.
The kobold brigand closely misses you.
You barely miss the kobold brigand. You tentacle-slap the kobold brigand.
The kobold brigand is severely wounded.
You constrict the kobold brigand. You block the kobold's attack.
The kobold misses you. You block the kobold brigand's attack.
A two-headed ogre comes into view.
It is wielding a +0 giant club and a +0 giant spiked club.
The two-headed ogre shouts in stereo!
You tentacle-slap the kobold brigand but do no damage.
The kobold brigand is severely wounded.
You constrict the kobold brigand. The kobold hits you but does no damage.
You block the kobold's attack.
A kobold comes into view.
It is wielding a +0 whip and quivering poisoned darts.
The kobold brigand hits you with a +0 short sword.
You tentacle-slap the kobold brigand.
The kobold brigand is almost dead.
You constrict the kobold brigand.
You kill the kobold brigand!
The Council accepts your kill.
You bludgeon the kobold!
You kill the kobold!
The Council accepts your kill. You block the kobold's attack.
A jelly comes into view.
The jelly quivers.
You tentacle-slap the black bear. You grab the black bear.
The black bear is lightly wounded.
You constrict the black bear.
A white imp comes into view.
The black bear bites you. The black bear claws you. The black bear misses you.
The kobold hits you with a +0 club.
The kobold throws a poisoned dart.
You block the poisoned dart.
You tentacle-slap the black bear.
The black bear is moderately wounded.
You constrict the black bear. The kobold closely misses you.
The kobold throws a poisoned dart.
The poisoned dart closely misses you.
The poisoned dart hits the kobold!
The kobold is poisoned.
The black bear closely misses you. x3
You tentacle-slap the black bear.
The black bear is heavily wounded.
You constrict the black bear. The black bear closely misses you. x2
The black bear misses you.
The two-headed ogre hits you with a +0 giant club!!
* * * LOW HITPOINT WARNING * * *
The two-headed ogre hits you with a +0 giant spiked club!!
Ouch! That really hurt!
You die...

..##.# ###..#.....
......... ........ ..
#K.#.#.# #.#
#..#.#.### #.#
.######..#.#...####.#
..5...h)............#
##h....##..###.#
#KO).!###..##.#
#..)..# ##....#
.........# ###..####
........## #........
###.J...# #......#.
#.....# #......#.
#.....# ########.
#.....# ##


You could see a two-headed ogre, a black bear, a jelly, a white imp and 2
kobolds.

Vanquished Creatures
  Eustachio (D:4)
  An ice beast (D:6)
  A black bear (D:5)
  An ogre (D:4)
  A centaur (D:5)
  4 phantoms
  A kobold brigand (D:6)
  3 scorpions
  2 hounds (D:6)
  An orc priest (D:4)
  A jelly (D:4)
  An orc wizard (D:6)
  Natasha (thrice) (D:2)
  Robin (D:4)
  11 gnolls
  3 adders
  2 shadow imps (D:5)
  A white imp (D:6)
  2 worms
  4 dart slugs
  18 orcs
  4 endoplasms
  3 giant cockroaches (D:4)
  18 goblins
  9 hobgoblins
  6 jackals
  9 kobolds
  5 quokkas
  9 ball pythons
  5 bats (D:2)
  3 frilled lizards
  11 rats
145 creatures vanquished.

Notes
Turn   | Place    | Note
-------+----------+-------------------------------------------
     0 | D:1      | Flugkiller the Octopode Shapeshifter began the quest for
                  | the Orb.
     0 | D:1      | Reached XP level 1. HP: 14/14 MP: 1/1
   225 | D:1      | Reached XP level 2. HP: 19/19 MP: 2/2
   606 | D:1      | Reached XP level 3. HP: 15/25 MP: 3/3
  1017 | D:1      | Reached XP level 4. HP: 15/30 MP: 4/4
  1177 | D:2      | Noticed Natasha
  1189 | D:2      | Killed Natasha
  1282 | D:2      | Reached XP level 5. HP: 36/36 MP: 5/5
  1500 | D:2      | Noticed Natasha
  1505 | D:2      | Killed Natasha
  1600 | D:2      | Noticed Natasha
  1606 | D:2      | Killed Natasha
  1607 | D:2      | Reached skill level 1 in Shields
  1788 | D:3      | Found a faded altar of an unknown god.
  2069 | D:3      | Found a transporter.
  2088 | D:3      | Found a transporter.
  2107 | D:3      | Reached XP level 6. HP: 42/42 MP: 6/6
  2465 | D:4      | Noticed Eustachio
  2619 | D:4      | Killed Eustachio
  2767 | D:4      | Found a stormy altar of Qazlal.
  2848 | D:4      | Found a sparkling altar of Nemelex Xobeh.
  2864 | D:4      | Found a shimmering blue altar of Sif Muna.
  2891 | D:4      | Reached XP level 7. HP: 43/47 MP: 7/7
  2925 | D:4      | Found a shimmering altar of Xom.
  2927 | D:4      | Found a shimmering altar of Xom.
  2928 | D:4      | Found a shimmering altar of Xom.
  2928 | D:4      | Found a shimmering altar of Xom.
  2935 | D:4      | Found a shimmering altar of Xom.
  2935 | D:4      | Found a shimmering altar of Xom.
  2935 | D:4      | Found a shimmering altar of Xom.
  2935 | D:4      | Noticed Robin
  3098 | D:4      | Killed Robin
  3734 | D:5      | Entered Level 5 of the Dungeon
  3873 | D:5      | Found an ornate altar of the Wu Jian Council.
  3875 | D:5      | Reached XP level 8. HP: 40/54 MP: 8/8
  3884 | D:5      | Reached skill level 5 in Unarmed Combat
  3941 | D:5      | Became a worshipper of the Wu Jian Council
  3958 | D:5      | Found an iron altar of Okawaru.
  4308 | D:5      | Reached skill level 5 in Fighting
  4308 | D:5      | Reached skill level 5 in Dodging
  4648 | D:6      | Found Paptag's Book Shop.
  4859 | D:6      | Found Xyxuh's Weapon Shop.
  4874 | D:6      | Found a snail-covered altar of Cheibriados.
  4937 | D:6      | Noticed a two-headed ogre
  4943 | D:6      | Demolished by a two-headed ogre

Illustrated notes

Levels and vault maps discovered:
D:1:      dpeg_arrival_concentric_ovals, layout_loops_ring,
          chequers_serial_rivers_micro_b, minmay_misc_feat_enclosed
D:2:      layout_loops_ring, minmay_surrounded, uniq_natasha
D:3:      gammafunk_steamed_eel, layout_basic,
          shapermc_ecumenical_altar_mp_ritualfount, chequers_decorated_corner
D:4:      layout_loops_cross, nicolae_xom_altar_mimics,
          nicolae_sif_muna_little_library, old_standard_altar,
          nemelex_xobeh_ov_fountains_minmay, uniq_robin, uniq_eustachio
D:5:      layout_loops_ring, mainiacjoe_overflow_chevrons,
          okawaru_metal_pillars_1_2, serial_rivers,
          chequers_serial_rivers_small_b, chequers_serial_rivers_micro_b,
          chequers_serial_rivers_large_a, chequers_serial_rivers_room_a,
          chequers_serial_rivers_room_b, patterned_corridor
D:6:      kennysheep_steamy, layout_basic, mainiacjoe_overflow_cross_hatched,
          kennysheep_slug_shrine, serial_shops, shop, shop,
          nicolae_shop_window_shopping, uniq_pikel

Skill      XL: |  1  2  3  4  5  6  7  8 |
---------------+-------------------------+-----
Fighting       | 3 4 5 |  5.7
Unarmed Combat | 3 4 5 |  5.8
Dodging        | 3 4 5 |  5.7
Shields        | 1 2 3 |  3.4
Shapeshifting  | 4 |  4.3

Action                     |  1- 3 |  4- 6 |  7- 9 || total
---------------------------+-------+-------+-------++-------
  Melee: Unarmed           |    56 |    98 |   150 ||   304
         Constrict         |    11 |    29 |    31 ||    71
         Tentacles         |    10 |    23 |    37 ||    70
         Punch             |       |     2 |     8 ||    10
Ability: Lunge             |       |       |     9 ||     9
    Use: Scroll            |       |     7 |     4 ||    11
   Stab: Sleeping          |     8 |     8 |     5 ||    21
 Armour: Skin              |     1 |     1 |     8 ||    10
  Dodge: Dodged            |    31 |    50 |    83 ||   164
  Block: Buckler           |    11 |    20 |    39 ||    70

Table legend: (Time is in decaauts)
 A = Elapsed time spent in this place.
 B = Non-inter-level travel time spent in this place.
 C = Inter-level travel time spent in this place.
 D = Time resting spent in this place.
 E = Time spent auto-exploring this place.
 F = Levels seen in this place.
 G = Mean time per level.
                   A        B        C        D        E       F      G
               +--------+--------+--------+--------+--------+-----+--------+
         Total |   4937 |   4796 |    141 |    735 |   2969 |   6 |  822.8 |
       Dungeon |   4937 |   4796 |    141 |    735 |   2969 |   6 |  822.8 |
               +--------+--------+--------+--------+--------+-----+--------+

Top non-repeatable levels by time:
     D:4: 1235 daAuts
     D:1: 961 daAuts
     D:5: 898 daAuts
     D:3: 842 daAuts
     D:2: 694 daAuts
     D:6: 305 daAuts
